 Dungeon Crawl Stone Soup version 0.30-a0-297-g0ec75d9ef4 (webtiles) character file.

Game seed: 12269145055390558141

150 gruber the Conjurer (level 5, 0/31 HPs)
             Began as an Octopode Conjurer on Oct 18, 2022.
             Was an Initiate of Vehumet.
             Succumbed to a gnoll's poison
             ... on level 4 of the Dungeon.
             The game lasted 00:04:03 (3116 turns).

gruber the Conjurer (Octopode Conjurer)             Turns: 3116, Time: 00:04:04

Health: 0/31       AC:  1    Str:  4 (6)  XL:     5   Next: 32%
Magic:  2/8        EV: 13    Int: 21 (23) God:    Vehumet [......]
Gold:   156        SH:  0    Dex:  9 (10) Spells: 2/8 levels left

rFire   + . .      SeeInvis .    r - +1 whip (venom)
rCold   + + .      Faith    .    (no shield)
rNeg    . . .      Spirit   .    (helmet restricted)
rPois   +          Reflect  .    (no amulet)
rElec   +          Harm     .    f - ring of protection from cold
rCorr   +          Rampage  .    (no ring)
Will    .....                    (no ring)
Stlth   +++.......               (no ring)
HPRegen 0.25/turn                (no ring)
MPRegen 0.11/turn                (no ring)
                                 (no ring)
                                 (no ring)

@: lethally poisoned (0 -> 0), resistant
A: almost no armour, amphibious, 8 rings, camouflage 1, gelatinous body 1,
(nimble swimmer 1), tentacles
a: Renounce Religion


You were on level 4 of the Dungeon.
You worshipped Vehumet.
Vehumet was noncommittal.
You visited 1 branch of the dungeon, and saw 4 of its levels.

You collected 156 gold pieces.

Inventory:

Hand Weapons
 l - a +0 dagger of venom
 r - a +1 whip of venom (weapon)
Magical Staves
 g - a staff of death
Jewellery
 f - a ring of protection from cold (left tentacle)
 o - a ring of fire
Wands
 c - a wand of flame (18)
Scrolls
 b - a scroll of noise {unknown}
 e - a scroll of butterflies {unknown}
 h - a scroll of teleportation {unknown}
 i - 2 scrolls of blinking {unknown}
 j - 3 scrolls of enchant weapon {unknown}
 k - a scroll of fear {unknown}
 m - 4 scrolls of identify {unknown}
 q - a scroll of poison {unknown}
Potions
 a - a potion of magic
 n - a potion of lignification


   Skills:
 - Level 2.0 Dodging
 - Level 2.6 Stealth
 - Level 2.0 Spellcasting
 + Level 6.4 Conjurations


You had 2 spell levels left.
You knew the following spells:

 Your Spells              Type           Power      Damage    Failure   Level
a - Magic Dart            Conj           100%       1d8       1%          1
b - Searing Ray           Conj           58%        2d6       1%          2
c - Frozen Ramparts       Ice            4%         1d1       41%         3

Your spell library contained the following spells:

 Spells                   Type           Power      Damage    Failure   Level
 Freeze                   Ice            8%         1d3       14%         1
 Dazzling Flash           Conj/Hex       30%        N/A       12%         3
 Hailstorm                Conj/Ice       15%        3d5       12%         3
 Fulminant Prism          Conj/Hex       7%         3d7       36%         4
 Iskenderun's Mystic Bla  Conj/Tloc      15%        2d5       36%         4


Dungeon Overview and Level Annotations

Branches:
Dungeon (4/15)
 Temple: D:4-7

Altars:
Fedhas
Gozag
Vehumet

Shops:
D:1 ?

Annotations:
D:2 Sigmund
D:4 3 runed translucent doors, Bane11's ghost, amateur DsGl


Innate Abilities, Weirdness & Mutations

You cannot wear most types of armour.
You are amphibious.
You can wear up to eight rings at the same time.
Your skin changes colour to match your surroundings (Stealth+).
Your rubbery body absorbs attacks. (AC +1, EV +1)
((You are camouflaged when in or above water. (Stealth+)))
You have tentacles for arms and can constrict up to eight enemies at once.


Message History

You are lethally poisoned!
You hit the gnoll.
You kill the gnoll!
Vehumet accepts your kill.
You feel very sick.
You feel your strength returning.
You feel very sick.
You see here a +1 whip of venom.
r - a +1 whip of venom You feel very sick.
Your +0 dagger of venom stops dripping with poison.
Your +1 whip of venom begins to drip with poison!
r - a +1 whip of venom (weapon)
* * * LOW HITPOINT WARNING * * *
You feel sick.
Unknown command.
Unknown command.
You drop a +0 dagger.
You stop dropping stuff.
* * * LOW HITPOINT WARNING * * *
You feel sick.
Unknown command.
Unknown command.
It was a potion of resistance.
You feel protected.
* * * LOW HITPOINT WARNING * * *
You feel sick.
There is a lethal amount of poison in your body!
* * * LOW HITPOINT WARNING * * *
You feel sick.
* * * LOW HITPOINT WARNING * * *
You feel sick.
* * * LOW HITPOINT WARNING * * *
You feel sick.
Found a +0 spear.
* * * LOW HITPOINT WARNING * * *
You feel sick.
* * * LOW HITPOINT WARNING * * *
You feel sick.
A scorpion comes into view.
You die...

#............
#............
#............
#............
####............
............##..
#########.###.##..
#.....)...# #.##..
#@###########.##..
#................#..
#.#................#
...#................'
...
#................#
.s.).
....#####+#.......
.... ....# #.#####.
.... ....# #. #. #.
##


You could see a scorpion (wandering).

Vanquished Creatures
  An orc priest (D:4)
  An iguana (D:4)
  5 gnolls
  An adder (D:4)
  A dart slug (D:3)
  2 orcs (D:4)
  An endoplasm (D:3)
  A giant cockroach (D:2)
  2 hobgoblins
  2 quokkas (D:1)
  5 ball pythons
  3 bats
  2 frilled lizards
  4 goblins
  5 kobolds
  4 rats
40 creatures vanquished.

Notes
Turn   | Place    | Note
-------+----------+-------------------------------------------
     0 | D:1      | gruber the Octopode Conjurer began the quest for the Orb.
     0 | D:1      | Reached XP level 1. HP: 11/11 MP: 3/3
   324 | D:1      | Found a faded altar of an unknown god.
   355 | D:1      | Found Vaistren's Magic Scroll Boutique.
   357 | D:1      | Reached XP level 2. HP: 17/17 MP: 0/5
   980 | D:1      | Learned a level 2 spell: Searing Ray
   997 | D:2      | Reached skill level 5 in Conjurations
   997 | D:2      | Reached XP level 3. HP: 15/21 MP: 0/6
  1237 | D:2      | Noticed Sigmund
  1247 | D:2      | Learned a level 3 spell: Frozen Ramparts
  1470 | D:3      | Reached XP level 4. HP: 27/27 MP: 5/7
  1510 | D:3      | Found a radiant altar of Vehumet.
  1744 | D:3      | Became a worshipper of Vehumet
  2458 | D:4      | Identified the +2 chain mail "Wixt" {Regen+ Dex+5}
  2522 | D:4      | Reached skill level 6 in Conjurations
  2523 | D:4      | HP: 1/27 [poisoned by an orc priest]
  2727 | D:4      | Found a blossoming altar of Fedhas.
  2746 | D:4      | Found a runed translucent gate.
  2749 | D:4      | Found a runed translucent gate.
  2749 | D:4      | Found an opulent altar of Gozag.
  2749 | D:4      | Found a runed translucent gate.
  2759 | D:4      | Noticed Bane11's ghost (amateur DsGl)
  2759 | D:4      | Noticed a water moccasin
  3098 | D:4      | Noticed a scorpion
  3104 | D:4      | Reached XP level 5. HP: 31/31 MP: 1/8
  3115 | D:4      | HP: 1/31 [poisoned by a gnoll]
  3116 | D:4      | Succumbed to a gnoll's poison

Illustrated notes

Levels and vault maps discovered:
D:1:      lightli_arrival_boilingwater, layout_basic,
          ebering_ecumenical_altar_rust, serial_shops,
          nicolae_shop_advertising_works [nicolae_subvault_shop_adworks]
D:2:      layout_basic, uniq_sigmund
D:3:      layout_loops_ring, mainiacjoe_overflow_boulevard,
          nicolae_kite_square_tiling_tiny, nicolae_elevator_lobby_asterisk
D:4:      layout_basic, mainiacjoe_overflow_tiny_flanked, ebering_ghost_gozag,
          minmay_misc_feat_more_columns

Skill      XL: |  1  2  3  4 |
---------------+-------------+-----
Conjurations   | 5 6 |  6.4
Dodging        | |  2.0
Stealth        | |  2.6
Spellcasting   | |  2.0

Action                   |  1- 3 |  4- 6 || total
-------------------------+-------+-------++-------
Melee: Constrict         |     4 |     6 ||    10
       Unarmed           |     2 |       ||     2
       Dagger            |     1 |    14 ||    15
       Staff             |     9 |    10 ||    19
       Tentacles         |     2 |     4 ||     6
 Cast: Magic Dart        |    32 |    18 ||    50
       Searing Ray       |     2 |     2 ||     4
  Use: Potion            |       |     7 ||     7
 Stab: Sleeping          |     1 |     1 ||     2
Armor: Skin              |     1 |     1 ||     2
Dodge: Dodged            |    11 |    15 ||    26

Table legend: (Time is in decaauts)
 A = Elapsed time spent in this place.
 B = Non-inter-level travel time spent in this place.
 C = Inter-level travel time spent in this place.
 D = Time resting spent in this place.
 E = Time spent auto-exploring this place.
 F = Levels seen in this place.
 G = Mean time per level.
                   A        B        C        D        E       F      G
               +--------+--------+--------+--------+--------+-----+--------+
         Total |   3102 |   2876 |    226 |     49 |   2394 |   4 |  775.5 |
       Dungeon |   3102 |   2876 |    226 |     49 |   2394 |   4 |  775.5 |
               +--------+--------+--------+--------+--------+-----+--------+

Top non-repeatable levels by time:
     D:3: 858 daAuts
     D:1: 824 daAuts
     D:4: 720 daAuts
     D:2: 700 daAuts
